 Dungeon Crawl Stone Soup version 0.30-a0-748-ge6a52f7cba (webtiles) character file.

Game seed: 4363065896512100263

2036644 retardedninja the Axe Maniac (level 27, 193/273 HPs)
             Began as a Hill Orc Fighter on Feb 7, 2023.
             Was an Initiate of Gozag.
             Escaped with the Orb
             ... and 4 runes on Feb 8, 2023!
             The game lasted 02:18:53 (87650 turns).

retardedninja the Axe Maniac (Hill Orc Fighter)    Turns: 87650, Time: 02:18:53

Health: 193/273    AC: 58    Str: 39    XL:     27
Magic:  32/32      EV:  9    Int: 10    God:    Gozag
Gold:   2524       SH: 33    Dex: 11    Spells: 26/26 levels left

rFire   . . .      SeeInvis .    u - +9 broad axe (flame)
rCold   + + .      Faith    .    s - +10 tower shield of Ignorance {rN+ Int-4}
rNeg    + + .      Spirit   .    z - +12 gold dragon scales
rPois   +          Reflect  .    M - +2 hat {Will+}
rElec   +          Harm     .    Y - +2 cloak {Stlth+}
rCorr   +          Rampage  .    b - +2 pair of gloves "Suetypn" {Will+ Slay+3}
Will    ++++.                    V - +2 pair of boots Stlth
                                 I - macabre finger necklace {Finger+ rN+}
HPRegen 0.65/turn                f - ring of Zittut {Drain rElec rPois rCorr AC+4 Dex-3}
MPRegen 0.23/turn                q - ring "Soegoci" {Ice MP+9 Str+2 Dex+5}
                                 L - ring of Liomuaz {Wiz *Slow Int+7 Slay+5}

@: studying Transmutations
A: iridescent scales 1, deterioration 1, mutation resistance 1, screaming 1,
strong 1
0: Orb of Zot
}: 4/15 runes: serpentine, barnacled, slimy, silver
a: Renounce Religion, Potion Petition, Call Merchant, Bribe Branch


You escaped.
You worshipped Gozag.
Gozag was most pleased with you.
You visited 13 branches of the dungeon, and saw 57 of its levels.
You visited the Abyss 3 times.
You also visited: Sewer, Gauntlet and Ice Cave.

You collected 34072 gold pieces.
You spent 7487 gold pieces at shops.
You paid 24061 gold pieces to Gozag.

Inventory:

Hand Weapons
 u - a +9 broad axe of flaming (weapon)
Missiles
 K - 24 javelins (quivered)
Armour
 b - the +2 pair of gloves "Suetypn" (worn) {Will+ Slay+3}
   (You found it on level 5 of the Vaults)

   Slay:      It affects your accuracy & damage with ranged weapons and melee
   (+3).
   Will:      It increases your willpower.
 s - the +10 tower shield of Ignorance (worn) {rN+ Int-4}
   (You found it on level 3 of the Realm of Zot)

   Int:       It affects your intelligence (-4).
   rN:        It protects you from negative energy.
 z - +12 gold dragon scales (worn)
 M - a +2 hat of willpower (worn)
 V - a +2 pair of boots (worn)
 Y - a +2 cloak of stealth (worn)
Jewellery
 f - the ring of Zittut (left hand) {Drain rElec rPois rCorr AC+4 Dex-3}
   (You found it on level 3 of the Depths)

   [ring of protection]

   AC:        It affects your AC (+4).
   Dex:       It affects your dexterity (-3).
   rElec:     It insulates you from electricity.
   rPois:     It protects you from poison.
   rCorr:     It protects you from acid and corrosion.
   Drain:     It drains your maximum health when unequipped.
 q - the ring "Soegoci" (right hand) {Ice MP+9 Str+2 Dex+5}
   (You found it on level 3 of the Realm of Zot)

   [ring of ice]

   It enhances your ice magic.
   Str:       It affects your strength (+2).
   Dex:       It affects your dexterity (+5).
   rF:        It makes you vulnerable to fire.
   rC:        It protects you from cold.
   MP:        It affects your magic capacity (+9).
 I - the macabre finger necklace (around neck) {Finger+ rN+}
   (You found it in a Gauntlet)

   [amulet of nothing]

   Finger+:   It enables you to equip an extra ring.
   rN:        It protects you from negative energy.
 L - the ring of Liomuaz (on amulet) {Wiz *Slow Int+7 Slay+5}
   (You took it off a deep elf death mage on level 3 of the Elven Halls)

   [ring of wizardry]

   It improves your spell success rate.
   Int:       It affects your intelligence (+7).
   Slay:      It affects your accuracy & damage with ranged weapons and melee
   (+5).
   *Slow:     It may slow you when you take damage.
Wands
 a - a wand of polymorph (24)
 e - a wand of flame (81)
 k - a wand of mindburst (4)
 l - a wand of acid (40)
 B - a wand of roots (54)
 C - a wand of paralysis (59)
 R - a wand of digging (5)
Scrolls
 g - 14 scrolls of teleportation
 n - 7 scrolls of fear
 o - 8 scrolls of vulnerability
 p - 12 scrolls of poison
 w - 10 scrolls of immolation
 x - 4 scrolls of silence
 y - a scroll of magic mapping
 A - 10 scrolls of fog
Potions
 d - 5 potions of heal wounds
 h - 7 potions of haste
 i - 8 potions of flight
 j - 19 potions of curing
 m - 5 potions of brilliance
 r - 14 potions of lignification
 v - 8 potions of attraction
 D - 9 potions of mutation
 E - 7 potions of magic
 N - 6 potions of ambrosia
 Q - 2 potions of resistance
 T - 11 potions of might
 W - 3 potions of cancellation
Miscellaneous
 c - a phial of floods
 t - a box of beasts
 F - a phantom mirror
 G - a piece from Xom's chessboard (15/15)
 H - a condenser vane
 O - the horn of Geryon
 U - a tin of tremorstones (2/2)
 X - a lightning rod (4/4)


   Skills:
 O Level 27 Fighting
 O Level 27 Axes
 + Level 14.5 Throwing
 * Level 26.0 Armour
 * Level 26.0 Shields
 + Level 19.1 Evocations


You had 26 spell levels left.
You didn't know any spells.
Your spell library contained the following spells:

 Spells                   Type           Power      Damage    Failure   Level
 Apportation              Tloc           0%         N/A       52%         1
 Beastly Appendage        Tmut           0%         N/A       52%         1
 Freeze                   Ice            0%         1d3       52%         1
 Kiss of Death            Conj/Necr      0%         2d5       52%         1
 Necrotise                Necr           0%         1d4       52%         1
 Sandblast                Erth           0%         2d4       52%         1
 Shock                    Conj/Air       0%         1d3       52%         1
 Sting                    Tmut/Pois      0%         1d3       52%         1
 Summon Small Mammal      Summ           0%         N/A       52%         1
 Blink                    Tloc           0%         N/A       65%         2
 Ensorcelled Hibernation  Hex/Ice        0%         N/A       65%         2
 Passwall                 Tmut/Erth      0%         N/A       65%         2
 Scorch                   Fire           0%         2d5       65%         2
 Sublimation of Blood     Necr           0%         N/A       65%         2
 Wereblood                Tmut           0%         N/A       65%         2
 Call Canine Familiar     Summ           0%         N/A       86%         3
 Confusing Touch          Hex            0%         N/A       86%         3
 Frozen Ramparts          Ice            0%         1d1       86%         3
 Gell's Gravitas          Tloc           0%         N/A       86%         3
 Hailstorm                Conj/Ice       0%         3d3       86%         3
 Ignite Poison            Fire/Tmut/Pois 0%         N/A       86%         3
 Inner Flame              Hex/Fire       0%         N/A       86%         3
 Kindle Blastsparks       Fire/Tloc/Air  0%         2d10      86%         3
 Ozocubu's Armour         Ice            0%         N/A       86%         3
 Spider Form              Tmut/Pois      0%         N/A       86%         3
 Stone Arrow              Conj/Erth      0%         3d7       86%         3
 Summon Guardian Golem    Hex/Summ       0%         N/A       86%         3
 Swiftness                Air            0%         N/A       86%         3
 Teleport Other           Tloc           0%         N/A       86%         3
 Tukima's Dance           Hex            0%         N/A       86%         3
 Vampiric Draining        Necr           0%         2d6       86%         3
 Vhi's Electric Charge    Tloc/Air       0%         N/A       86%         3
 Airstrike                Air            0%         2d(0-16)  99%         4
 Anguish                  Hex/Necr       0%         N/A       99%         4
 Animate Armour           Summ/Erth      0%         N/A       99%         4
 Cause Fear               Hex            0%         N/A       99%         4
 Dispel Undead            Necr           0%         3d6       99%         4
 Flame Wave               Conj/Fire      0%         2d4       99%         4
 Ice Form                 Ice/Tmut       0%         N/A       99%         4
 Leda's Liquefaction      Hex/Erth       0%         N/A       99%         4
 Manifold Assault         Tloc           0%         N/A       99%         4
 Passage of Golubria      Tloc           0%         N/A       99%         4
 Petrify                  Tmut/Erth      0%         N/A       99%         4
 Sticky Flame             Conj/Fire      0%         2d3       99%         4
 Summon Ice Beast         Ice/Summ       0%         N/A       99%         4
 Summon Lightning Spire   Summ/Air       0%         N/A       99%         4
 Agony                    Necr           0%         N/A       100%        5
 Alistair's Intoxication  Tmut/Pois      0%         N/A       100%        5
 Blade Hands              Tmut           0%         N/A       100%        5
 Borgnjor's Vile Clutch   Necr/Erth      0%         N/A       100%        5
 Fireball                 Conj/Fire      0%         3d3       100%        5
 Freezing Cloud           Conj/Ice/Air   0%         6-21      100%        5
 Irradiate                Conj/Tmut      0%         3d11      100%        5
 Lightning Bolt           Conj/Air       0%         1d11      100%        5
 Metabolic Englaciation   Hex/Ice        0%         N/A       100%        5
 Silence                  Hex/Air        0%         N/A       100%        5
 Summon Mana Viper        Hex/Summ       0%         N/A       100%        5
 Yara's Violent Unravell  Hex/Tmut       0%         3d3       100%        5
 Death Channel            Necr           0%         N/A       100%        6
 Dispersal                Tloc           0%         N/A       100%        6
 Iron Shot                Conj/Erth      0%         9d1       100%        6
 Statue Form              Tmut/Erth      0%         N/A       100%        6
 Summon Cactus Giant      Summ           0%         N/A       100%        6
 Dragon Form              Tmut           0%         N/A       100%        7
 Malign Gateway           Summ/Tloc      0%         N/A       100%        7
 Monstrous Menagerie      Summ           0%         N/A       100%        7
 Ozocubu's Refrigeration  Ice            0%         4d7       100%        7
 Storm Form               Tmut/Air       0%         N/A       100%        7
 Summon Hydra             Summ           0%         N/A       100%        7
 Discord                  Hex            0%         N/A       100%        8
 Lehudib's Crystal Spear  Conj/Erth      0%         10d2      100%        8
 Summon Horrible Things   Summ           0%         N/A       100%        8
 Dragon's Call            Summ           0%         N/A       100%        9
 Shatter                  Erth           0%         3d5*      100%        9
 Animate Dead             Necr           Unusable   N/A       N/A         4
 Simulacrum               Ice/Necr       Unusable   N/A       N/A         6

Dungeon Overview and Level Annotations

Branches:
Dungeon (15/15)            Temple (1/1) D:6            Lair (5/5) D:9
 Shoals (4/4) Lair:3        Snake (4/4) Lair:3        Slime (5/5) Lair:5
    Orc (2/2) D:9             Elf (3/3) Orc:2        Vaults (5/5) D:14
  Crypt (3/3) Vaults:3       Tomb (0/3) Crypt:3      Depths (4/4) D:15
   Hell (visited)             Dis (0/7) Hell            Geh (0/7) Hell
    Tar (0/7) Hell            Zot (5/5) Depths:4      Sewer (visited)
  IceCv (visited)         Gauntlet (visited)
    Coc: Hell:1

Altars:
Ashenzari
Cheibriados
Dithmenos
Elyvilon
Fedhas
Gozag
Hepliaklqana
Kikubaaqudgha
Makhleb
Nemelex Xobeh
Okawaru
Qazlal
Ru
Sif Muna
Trog
Uskayaw
Vehumet
Wu Jian
Xom
Yredelemnul
Zin
The Shining One
Beogh
Jiyva

Shops:
D:1 [   D:4 *   D:5 =   D:7 =[   D:10 ?(:(*   D:11 (   D:15 [[*[   Orc:2 ((=(
Elf:2 ?   Lair:5 [*   Shoals:4 =   Snake:1 ??((   Snake:3 :   Vaults:2 [
Vaults:3 *   Vaults:4 :*(   Vaults:5 [   Zot:1 **   Zot:3 ?   Depths:2 :
Depths:4 *

Portals:
Hell: Depths:1 Depths:2 Depths:3 Depths:4
Abyss: Depths:1 Depths:2 Depths:3
Pandemonium: Depths:1 Depths:2
Ziggurat: Depths:2
Trove: Depths:4 (give 12 potions of heal wounds)

Annotations:
Elf:1 3 runed translucent doors, Timpihef's ghost, adept OpAK
Hell exclusion: ice statue
Zot:1 2 transporters, Donez's ghost, legendary MiBe
Zot:5 exclusion: orange crystal statue


Innate Abilities, Weirdness & Mutations

You are partially covered in iridescent scales. (AC +2)
Your body sometimes deteriorates upon taking damage.
You are somewhat resistant to further mutation.
You occasionally shout uncontrollably at your foes.
Your muscles are strong. (Str +4, Int/Dex -1)


Message History

6 gold pieces; 3 stones You see here 6 gold pieces.
The golden eye blinks!
You catch the helpless golden eye completely off-guard!
You chop the golden eye into pieces!!!! You burn the golden eye.
You kill the golden eye!
The golden eye blinks!
You see here 7 gold pieces.
The golden eye is distracted by your dazzling golden aura.
The golden eye is no longer distracted by gold.
The golden eye is distracted by your dazzling golden aura.
There is an open door here.
A soul eater comes into view.
You see here 12 gold pieces.
You block the soul eater's attack.
The soul eater attacks as you move away!
You block the soul eater's attack.
The soul eater attacks as you move away!
You block the soul eater's attack.
You see here 14 gold pieces.
The soul eater attacks as you move away!
You block the soul eater's attack.
The soul eater hits you but does no damage.
The soul eater attacks as you move away!
You block the soul eater's attack. You block the soul eater's attack.
The soul eater hits you but does no damage.
You block the soul eater's attack. The soul eater closely misses you.
The soul eater attacks as you move away!
You block the soul eater's attack. The soul eater misses you.
The soul eater attacks as you move away!
You block the soul eater's attack. You block the soul eater's attack.
The soul eater attacks as you move away!
You block the soul eater's attack.
There is a staircase leading out of the dungeon here.
You block the soul eater's attack.
You have escaped!

#.≈§§§§.#.....$##.... ##########
#.§§§§§§##.##..##..## #........#
#.§§§§§§##.##......# #.######.#
#.≈§§§≈.##.#......## .....###.#
#..§§§.§##.)>.....# #........#
#.......##........# .....##..#
#.......######.#### .###.##..#
#.......# #.# .# #.....#
##..@3.## ##'## .###....##
####### ##...## .....#### #.##
##.....## ##.### #..##
##.......##
#...###########...####..$......##
.....................').$.$....+.
#...###########...####..$$.....##
.....# ###..## ##.......## .#.#.#
#...## ##..G..##


You could see a soul eater.

Vanquished Creatures
  2 dread liches
  2 ancient liches
  Mennas (Crypt:2)
  Khufu (Crypt:2)
  Mara (Depths:1)
  2 orbs of fire
  The ghost of Wefy the Sluggish Gnoll, a legendary GnIE of Cheibriados (Zot:3)
  A royal mummy (Crypt:2)
  Josephina (Crypt:2)
  A Killer Klown (Zot:5)
  A pandemonium lord (D:15)
  Vashnia (Snake:4)
  Frederick (Crypt:3)
  Saint Roka (Crypt:3)
  Geryon (Hell)
  4 curse toes
  9 golden dragons
  Jory (Vaults:5)
  The ghost of Onexaaje the Warrior, an adept GrFi of Cheibriados (Crypt:1)
  A bone dragon (Zot:3)
  An electric golem (Zot:5)
  3 doom hounds (Crypt:3)
  A Brimstone Fiend (D:1)
  Jorgrun (Elf:2)
  A Tzitzimitl (Crypt:3)
  Zenata (Crypt:3)
  6 tentacled monstrosities
  The ghost of RandomusNamus the Brawler, an adept TrFi of Trog (Depths:4)
  19 Orb Guardians
  2 deep elf master archers (Elf:3)
  2 deep elf blademasters
  7 liches
  Grunn (Crypt:3)
  8 ancient champions
  5 titans
  6 quicksilver dragons
  2 Executioners
  Frances (Snake:2)
  A tentacled starspawn (Abyss:1)
  6 sphinxes
  Gastronok (Lair:3)
  23 acid blobs
  5 death cobs
  Donald (Vaults:3)
  Roxanne (Snake:3)
  6 tengu reavers
  Kirke (D:15)
  8 shadow dragons
  A draconian monk (Zot:2)
  11 storm dragons
  5 revenants
  Ilsuiw (Shoals:2)
  3 nagarajas (Snake:4)
  19 rockslimes
  5 fire giants
  9 azure jellies
  7 frost giants
  A draconian knight (Zot:1)
  6 deep elf sorcerers
  Aizul (Vaults:2)
  An iron dragon (Depths:2)
  17 ghouls
  18 vault wardens
  3 curse skulls
  2 deep elf elementalists
  A balrug (Hell)
  6 draconian scorchers
  A caustic shrike zombie (Crypt:2)
  5 war gargoyles
  7 draconian shifters
  An orc warlord (Vaults:3)
  15 ironbound preservers
  A caustic shrike skeleton (Depths:3)
  17 very ugly things
  2 reapers (Hell)
  A spriggan defender (Depths:4)
  8 stone giants
  5 quicksilver oozes
  2 draconian annihilators
  The ghost of Newt the Markskobold, a journeyman KoHu of Hepliaklqana (Orc:1)
  3 ironbound thunderhulks
  9 vampire knights
  3 green draconians
  5 black draconians
  8 deep elf demonologists
  The ghost of Rauqumuf the Devastator, a journeyman TeAE of Qazlal (Orc:1)
  13 deep elf annihilators
  3 white draconians
  3 yellow draconians
  3 lorocyprocas
  9 red draconians
  8 purple draconians
  A minotaur (Gauntlet)
  3 blizzard demons
  8 dire elephants
  2 eidola
  9 fire dragons
  13 jiangshi
  13 deep elf death magi
  6 merfolk javelineers
  6 ettins
  11 merfolk impalers
  18 yaktaur captains
  4 green deaths
  6 deep elf high priests
  A quicksilver dragon zombie (Crypt:2)
  34 vault guards
  A spriggan zombie (Hell)
  The ghost of Folaraff the Cleaver, a journeyman HOFi of Gozag (Lair:1)
  2 rakshasas
  4 spriggan air magi
  7 great orbs of eyes
  2 salamander tyrants (Snake:4)
  10 ironbound frosthearts
  3 merfolk avatars
  A catoblepas (Lair:1)
  7 ice dragons
  6 anacondas
  2 alligator snapping turtles
  22 centaur warriors
  9 hydras
  2 ogre magi (Vaults:5)
  The ghost of pigah the Martial Artist, a journeyman OpWn of Gozag (D:9)
  8 boulder beetles
  30 dancing weapons
  14 two-headed ogres
  6 merfolk aquamancers
  10 naga warriors
  A satyr (Shoals:4)
  A bennu skeleton (Crypt:3)
  9 death yaks
  8 deep troll shamans
  6 deep troll earth magi
  7 tengu warriors
  Urug (Lair:4)
  8 thrashing horrors (Abyss:3)
  13 soul eaters
  2 shock serpents
  7 vampire magi
  4 spriggan berserkers
  22 deep elf knights
  11 naga sharpshooters
  13 sun demons
  A fire crab (shapeshifter) (Depths:4)
  A salamander mystic (Depths:3)
  Sonja (D:12)
  16 hell knights
  4 sixfirhies (Gauntlet)
  15 skeletal warriors
  2 golden dragon zombies
  4 iron trolls
  44 deep trolls
  5 glowing orange brains
  A storm dragon skeleton (Crypt:3)
  A wretched star (Abyss:3)
  18 large abominations
  5 bog bodies
  A cherub (D:1)
  17 sea snakes
  4 flayed ghosts
  A death drake (Abyss:3)
  A shadow demon (Abyss:3)
  9 deep elf archers
  4 naga ritualists
  A spriggan simulacrum (Crypt:2)
  A tengu zombie (Vaults:4)
  17 ironbound convokers
  27 deep elf pyromancers
  A bunyip skeleton (Crypt:3)
  6 lindwurms (Vaults:2)
  23 necromancers
  12 wizards
  21 deep elf zephyrmancers
  7 phantasmal warriors
  23 harpies
  8 mana vipers
  Pikel (D:5)
  An anaconda skeleton (Crypt:3)
  44 ugly things
  A broodmother zombie (Crypt:1)
  15 fauns
  A sphinx zombie (Crypt:1)
  10 cyclopes
  12 orc knights
  2 frost giant zombies
  A stone giant zombie (Hell)
  3 shining eyes
  5 orc sorcerers
  A human zombie (Vaults:3)
  A worldbinder (Abyss:3)
  A shadow dragon skeleton (Crypt:3)
  14 salamanders
  10 guardian serpents
  21 manticores
  40 black mambas
  7 water nymphs
  2 stone giant skeletons
  An iron dragon skeleton (Depths:3)
  2 apocalypse crabs (Gauntlet)
  A rust devil (D:1)
  12 moths of wrath
  A guardian serpent (shapeshifter) (D:13)
  18 elephants
  2 torpor snails
  11 naga magi
  15 vault sentinels
  11 merfolk sirens
  3 demonic crawlers (D:14)
  An ice statue (IceCv)
  3 gargoyles
  A storm dragon simulacrum (Depths:3)
  8 cane toads
  Maggie (D:7)
  4 eyes of devastation
  An unseen horror (Depths:1)
  10 komodo dragons
  2 smoke demons
  A centaur skeleton (Hell)
  A catoblepas zombie (Crypt:1)
  10 freezing wraiths
  3 kobold demonologists
  24 yaktaurs
  A death yak zombie (Crypt:3)
  An efreet (D:14)
  A rime drake (shapeshifter) (D:15)
  2 ice devils
  3 tengu conjurers
  A silent spectre (Depths:3)
  A hellion (Depths:3)
  6 tormentors
  A catoblepas skeleton (Crypt:3)
  An anaconda simulacrum (Crypt:3)
  2 hydra zombies (Hell)
  9 trolls
  A guardian mummy (Depths:4)
  A queen bee (shapeshifter) (Vaults:5)
  A harpy zombie (Crypt:2)
  A red devil (Depths:2)
  3 meliai (D:15)
  35 merfolk
  A hornet (shapeshifter) (Elf:1)
  9 hornets
  A harpy skeleton (Crypt:3)
  A mana viper skeleton (Crypt:1)
  21 polar bears
  10 wind drakes
  2 raiju (Abyss:3)
  23 dream sheep
  Grinder (D:3)
  An ice dragon zombie (Crypt:2)
  A great orb of eyes zombie (Crypt:2)
  17 blink frogs
  An ettin zombie (Crypt:3)
  102 slime creatures
  10 flying skulls
  6 snapping turtles
  3 air elementals
  2 dire elephant simulacra
  10 wyverns
  A fire dragon skeleton (Crypt:1)
  3 shadows
  14 spriggans
  9 wraiths
  2 vampires
  3 hogs (D:15)
  3 basilisks
  A ynoxinul (Abyss:3)
  A fire bat (Abyss:3)
  85 yaks
  A human (shapeshifter) (D:14)
  20 water elementals
  7 golden eyes
  2 sea snake simulacra (Hell)
  A fire elemental (Elf:1)
  4 steam dragons
  4 neqoxecs
  8 vampire mosquitoes
  A two-headed ogre zombie (Hell)
  2 yaktaur simulacra
  5 chaos spawn
  11 wargs
  A human simulacrum (Vaults:3)
  41 nagas
  2 naga zombies (Crypt:1)
  2 acid dragons
  18 water moccasins
  2 glowing shapeshifter skeletons
  An entropy weaver zombie (Crypt:3)
  Duvessa (D:4)
  A deep troll skeleton (Crypt:2)
  4 hell hounds (Hell)
  3 floating eyes
  A naga skeleton (Crypt:2)
  16 small abominations
  A manticore zombie (Crypt:1)
  36 orc warriors
  2 ice beasts (D:6)
  10 black bears
  Pargi (Sewer)
  2 sky beasts
  A deep troll simulacrum (Vaults:2)
  An ettin simulacrum (Crypt:2)
  4 boggarts (Lair:5)
  5 ogres
  19 centaurs
  37 wolves
  4 phantoms
  3 kobold brigands
  2 gnoll sergeants (D:9)
  5 elf zombies
  21 bullfrogs
  A cyclops zombie (Crypt:3)
  4 earth elementals
  8 necrophages
  3 scorpions
  A jelly (D:7)
  6 wights
  A polar bear zombie (Crypt:2)
  4 killer bees (D:8)
  Dowan (D:4)
  6 electric eels
  2 howler monkeys (D:10)
  A lava snake (Snake:1)
  A hound (D:5)
  9 orc priests
  2 gnoll boudas
  11 starcursed masses
  A boggart zombie (Crypt:3)
  Terence (D:2)
  An iguana (D:6)
  14 orc wizards
  17 hell rats
  An acid dragon zombie (Crypt:2)
  2 mummies (Crypt:2)
  9 gnolls
  2 howler monkey skeletons
  12 adders
  2 shadow imps
  3 white imps
  An ufetubus (D:7)
  3 worms
  A dart slug (D:3)
  106 orcs
  11 ball pythons
  6 endoplasms
  A giant cockroach (D:1)
  5 goblins
  13 hobgoblins
  7 jackals (D:4)
  21 kobolds
  3 quokkas
  12 bats
  A gnoll skeleton (Crypt:2)
  A gnoll zombie (Crypt:1)
  A quokka zombie (Crypt:3)
  8 rats
  2 fire vortices (Hell)
2501 creatures vanquished.

Vanquished Creatures (collateral kills)
  the Royal Jelly (Slime:5)
  A dread lich (Zot:5)
  An ancient lich (Zot:5)
  2 Killer Klowns (Zot:5)
  Nikola (Shoals:1)
  A quicksilver dragon (Zot:5)
  8 Orb Guardians (Zot:5)
  2 acid blobs (Slime:5)
  A shadow dragon (Zot:5)
  4 rockslimes (Slime:5)
  A draconian scorcher (Zot:3)
  A draconian stormcaller (Zot:3)
  A yellow draconian (Zot:3)
  A purple draconian (Zot:5)
  A red draconian (Zot:5)
  A centaur warrior (Shoals:1)
  A sea snake (Shoals:1)
  An orange crystal statue (Zot:5)
  A moth of wrath (Zot:3)
  An orc warrior (Orc:2)
  An orc (Orc:2)
33 creatures vanquished.

Vanquished Creatures (others)
  An orb of fire (Zot:5)
  2 Killer Klowns (Zot:5)
  4 tentacled monstrosities
  5 Orb Guardians (Zot:5)
  A death cob (Zot:4)
  A shadow dragon (Zot:4)
  A storm dragon (Zot:5)
  A draconian monk (Zot:5)
  A draconian knight (Zot:5)
  A draconian scorcher (Zot:1)
  A draconian shifter (Zot:3)
  3 draconian annihilators
  4 red draconians
  A black draconian (Zot:5)
  2 purple draconians
  An ironbound thunderhulk (Vaults:3)
  A green draconian (Zot:3)
  4 white draconians
  A yellow draconian (Zot:5)
  A fire dragon (Zot:3)
  A merfolk impaler (Shoals:4)
  A caustic shrike simulacrum (Crypt:2)
  A deep elf knight (Shoals:1)
  A sun demon (Depths:3)
  A death drake (Zot:3)
  A spriggan simulacrum (Crypt:2)
  3 moths of wrath
  A titan simulacrum (Crypt:2)
  A rime drake (IceCv)
  An efreet (D:15)
  A tengu conjurer (Depths:4)
  A hydra zombie (Hell)
  A human (Depths:3)
  A water moccasin (D:7)
  A black mamba simulacrum (Crypt:2)
  A gnoll bouda (D:9)
  A shadow imp (Gauntlet)
  A bush (Lair:5)
  2 demonic plants (Gauntlet)
  36 fungi
  157 plants
  2 starspawn tentacles (Abyss:1)
  6 withered plants (Orc:1)
260 creatures vanquished.

Grand Total: 2794 creatures vanquished

Notes
Turn   | Place    | Note
-------+----------+-------------------------------------------
     0 | D:1      | retardedninja the Hill Orc Fighter began the quest for the
                  | Orb.
     0 | D:1      | Reached XP level 1. HP: 19/19 MP: 1/1
   342 | D:1      | Reached XP level 2. HP: 27/27 MP: 2/2
   526 | D:1      | Found Qoosh's Armour Emporium.
   577 | D:1      | Found a faded altar of an unknown god.
   933 | D:2      | Identified the +1 chain mail of Repulsion {Drain Str+6}
  1013 | D:2      | Reached XP level 3. HP: 23/33 MP: 3/3
  1420 | D:2      | Noticed Terence
  1436 | D:2      | Killed Terence
  1437 | D:2      | Reached XP level 4. HP: 30/41 MP: 4/4
  1673 | D:2      | You fall into a shaft and drop 2 floors!
  2154 | D:3      | Noticed Grinder
  2159 | D:3      | Paralysed by Grinder for 3 turns
  2179 | D:3      | Killed Grinder
  2180 | D:3      | Reached skill level 5 in Fighting
  2180 | D:3      | Reached XP level 5. HP: 36/48 MP: 5/5
  2180 | D:3      | Reached XP level 6. HP: 42/56 MP: 6/6
  2767 | D:4      | Reached skill level 5 in Axes
  3014 | D:4      | Found Moeshros's Assorted Antiques.
  3156 | D:4      | Reached skill level 5 in Shields
  3360 | D:4      | Noticed Dowan
  3361 | D:4      | Noticed Duvessa
  3370 | D:4      | Killed Duvessa
  3371 | D:4      | Reached skill level 5 in Armour
  3371 | D:4      | Reached XP level 7. HP: 19/62 MP: 7/7
  3385 | D:4      | Killed Dowan
  3922 | D:4      | Reached XP level 8. HP: 70/70 MP: 8/8
  3934 | D:5      | Entered Level 5 of the Dungeon
  3988 | D:5      | Found Quaschum's Jewellery Boutique.
  4312 | D:5      | Noticed Pikel
  4320 | D:5      | Killed Pikel
  4321 | D:5      | Reached XP level 9. HP: 75/77 MP: 9/9
  4701 | D:6      | Found a staircase to the Ecumenical Temple.
  4728 | D:6      | Found the +8 trident of the Octopus King {venom, rElec
                  | rPois}
  4801 | D:6      | Found a glowing drain.
  4819 | Sewer    | Entered a sewer
  4846 | Sewer    | Noticed Pargi
  4854 | Sewer    | Killed Pargi
  4954 | Temple   | Entered the Ecumenical Temple
  5655 | D:6      | Reached XP level 10. HP: 86/86 MP: 10/10
  5825 | D:6      | Identified 2 scrolls of acquirement
  5825 | D:6      | Acquired 960 gold pieces
  5827 | D:6      | Acquired a manual of Axes
  5971 | D:1      | Bought +2 gold dragon scales for 920 gold pieces
  6343 | D:7      | Found an opulent altar of Gozag.
  6397 | D:7      | Became a worshipper of Gozag Ym Sagoz the Greedy
  6410 | D:7      | Found Ypeavya's Armour Emporium.
  7017 | D:7      | Found Jiutiero's Jewellery Shop.
  7172 | D:7      | Noticed Maggie
  7198 | D:7      | Killed Maggie
  7203 | D:7      | Upgraded the game from 0.30-a0-743-gbfdf073431 to
                  | 0.30-a0-748-ge6a52f7cba
  7561 | D:8      | Paralysed by a hornet for 2 turns
  8312 | D:8      | Reached XP level 11. HP: 54/95 MP: 11/11
  9766 | D:9      | Found an iron altar of Okawaru.
  9823 | D:9      | Noticed a two-headed ogre
  9828 | D:9      | Found a staircase to the Orcish Mines.
  9828 | Abyss:1  | Cast into level 1 of the Abyss (orc)
  9905 | Abyss:1  | Noticed a tentacled starspawn
  9919 | Abyss:1  | Killed a tentacled starspawn
 10037 | Abyss:1  | Noticed a starcursed mass
 10100 | Abyss:1  | Killed a lorocyproca
 10101 | Abyss:1  | Reached skill level 10 in Fighting
 10115 | D:9      | Escaped the Abyss
 10124 | D:9      | Killed a two-headed ogre
 10125 | D:9      | Reached XP level 12. HP: 63/106 MP: 12/12
 10386 | D:9      | Noticed a tengu warrior
 10397 | D:9      | Noticed a two-headed ogre
 10401 | D:9      | Noticed a centaur warrior
 10415 | D:9      | Killed a tengu warrior
 10428 | D:9      | Killed a two-headed ogre
 10441 | D:9      | Killed a centaur warrior
 10859 | D:9      | Noticed a four-headed hydra
 10879 | D:9      | Killed a 15-headed hydra
 11173 | D:9      | Found a staircase to the Lair.
 11204 | D:9      | Reached skill level 10 in Armour
 11212 | D:9      | Reached skill level 10 in Shields
 11222 | D:9      | Found a runed translucent door.
 11223 | D:9      | Noticed pigah's ghost (journeyman OpWn)
 11305 | D:9      | Killed pigah's ghost
 11642 | D:9      | Acquired 995 gold pieces
 11676 | D:9      | Noticed a two-headed ogre
 11685 | D:9      | Killed a two-headed ogre
 12165 | D:10     | Entered Level 10 of the Dungeon
 12189 | D:10     | Found Jokona's Weapon Shop.
 12197 | D:10     | Bought a +2 broad axe of electrocution for 242 gold pieces
 12287 | D:10     | Found Alausass's General Store.
 12295 | D:10     | Bought a box of beasts for 560 gold pieces
 12295 | D:10     | Bought a scroll of enchant armour for 105 gold pieces
 12314 | D:10     | Found Waeci's Antique Weapon Boutique.
 12401 | D:10     | Found Juf Pemm's Book Boutique.
 12588 | D:10     | Found a white marble altar of Elyvilon.
 12595 | D:10     | Found Kayso's Magic Scroll Emporium.
 12601 | D:10     | Bought a scroll of enchant weapon for 120 gold pieces
 12934 | D:11     | Noticed a two-headed ogre
 12942 | D:11     | Killed a two-headed ogre
 12943 | D:11     | Reached XP level 13. HP: 116/116 MP: 13/13
 13086 | D:11     | Found Vuhaxug's Weapon Emporium.
 14133 | D:12     | Noticed Sonja
 14145 | D:12     | Killed Sonja
 14438 | D:12     | Found a sparkling altar of Nemelex Xobeh.
 15067 | Lair:1   | Entered Level 1 of the Lair of Beasts
 15241 | Lair:1   | Found a gate leading to a gauntlet.
 15242 | Lair:1   | Found a runed translucent gate.
 15249 | Lair:1   | Found a runed translucent gate.
 15249 | Lair:1   | Noticed Folaraff's ghost (journeyman HOFi)
 15251 | Lair:1   | Found a runed translucent gate.
 15257 | Gauntlet | Entered a Gauntlet
 15257 | Gauntlet | Found a transporter.
 15266 | Gauntlet | Found a transporter.
 15269 | Gauntlet | Found a transporter.
 15270 | Gauntlet | Found a transporter.
 15281 | Gauntlet | Found a transporter.
 15282 | Gauntlet | Found a transporter.
 15286 | Gauntlet | Found a transporter.
 15290 | Gauntlet | Found a transporter.
 15293 | Gauntlet | Found a transporter.
 15294 | Gauntlet | Found a transporter.
 15306 | Gauntlet | Found a transporter.
 15307 | Gauntlet | Found a transporter.
 15307 | Gauntlet | Found a transporter.
 15316 | Gauntlet | Found a transporter.
 15341 | Gauntlet | Found a runed translucent door.
 15365 | Gauntlet | Found the macabre finger necklace {Finger+ rN+}
 15707 | Gauntlet | Reached XP level 14. HP: 129/129 MP: 14/14
 15926 | Gauntlet | Identified the amulet of Makhleb's Pride {RegenMP rPois rC+
                  | Will+}
 15956 | Gauntlet | Got Wuvoneil's Directory of the Helpful Vector
 15964 | Gauntlet | Identified the +2 pair of gloves of Untruth {Drain rPois
                  | Int+4}
 17403 | Lair:2   | Found the +8 whip "Snakebite" {venom, curare, rPois}
 17985 | Lair:2   | You fall into a shaft and drop 2 floors!
 18084 | Lair:4   | Noticed Urug
 18098 | Lair:4   | Killed Urug
 18126 | Lair:4   | Found a frozen archway.
 18212 | IceCv    | Entered an ice cave
 18957 | IceCv    | Noticed a frost giant
 19000 | IceCv    | Killed a frost giant
 19003 | IceCv    | Reached XP level 15. HP: 106/139 MP: 9/15
 19875 | Lair:3   | Noticed Gastronok
 19885 | Lair:3   | Killed Gastronok
 20381 | Lair:3   | Reached skill level 15 in Fighting
 20481 | Lair:3   | Found a staircase to the Shoals.
 20731 | Lair:3   | Found a staircase to the Snake Pit.
 21503 | Lair:1   | Killed Folaraff's ghost
 21905 | Lair:5   | Entered Level 5 of the Lair of Beasts
 22459 | Lair:5   | Found a runed translucent door.
 22459 | Lair:5   | Found a viscous altar of Jiyva.
 22478 | Lair:5   | Noticed an acid blob
 22479 | Lair:5   | Found a staircase to the Slime Pits.
 22479 | Lair:5   | Noticed an acid blob
 22488 | Lair:5   | Noticed an acid blob
 22537 | Lair:5   | Reached XP level 16. HP: 97/149 MP: 12/16
 23385 | Orc:1    | Entered Level 1 of the Orcish Mines
 23507 | Orc:1    | Found a runed translucent gate.
 23507 | Orc:1    | Found a runed translucent gate.
 23507 | Orc:1    | Found a runed translucent gate.
 23508 | Orc:1    | Noticed Newt's ghost (journeyman KoHu)
 23517 | Orc:1    | Noticed Rauqumuf's ghost (journeyman TeAE)
 24123 | Orc:1    | Killed Newt's ghost
 24127 | Orc:1    | Killed Rauqumuf's ghost
 24284 | Orc:1    | Got the Discursus on the Valley
 24335 | Orc:2    | Entered Level 2 of the Orcish Mines
 24537 | Orc:2    | Found a roughly hewn altar of Beogh.
 24887 | Orc:2    | Found Ucoomauc's Jewellery Boutique.
 24922 | Orc:2    | Found Tusmu's Weapon Emporium.
 24976 | Orc:2    | Found a staircase to the Elven Halls.
 25083 | Orc:2    | Found Bistryij's Weapon Boutique.
 25083 | Orc:2    | Found Hifur's Antique Weapon Emporium.
 26207 | D:13     | Reached skill level 15 in Armour
 26207 | D:13     | Reached skill level 15 in Shields
 26835 | D:14     | Got the Volume of the Deep Freeze
 27610 | D:14     | Reached XP level 17. HP: 143/160 MP: 14/17
 28087 | D:14     | Found a gate to the Vaults.
 28422 | D:15     | Entered Level 15 of the Dungeon
 28557 | D:15     | Found Xiczuing's Antique Armour Emporium.
 28687 | D:15     | Noticed Kirke
 28701 | D:15     | Killed Kirke
 28774 | D:15     | Found a staircase to the Depths.
 29046 | D:15     | Found Amamyzu's Armour Shop.
 29049 | D:15     | Bought a +0 tower shield for 76 gold pieces
 29065 | D:15     | Found Zoofuhar's Assorted Antiques.
 29073 | D:15     | Bought a scroll of acquirement for 1352 gold pieces
 29073 | D:15     | Acquired 631 gold pieces
 29260 | D:15     | Found Goiluful's Armour Shop.
 29673 | Snake:1  | Entered Level 1 of the Snake Pit
 30011 | Snake:1  | Reached skill level 27 in Axes
 30326 | Snake:1  | Found Wovvi's Magic Scroll Boutique.
 30335 | Snake:1  | Bought a scroll of enchant armour for 112 gold pieces
 30339 | Snake:1  | Found Duetz's Magic Scroll Boutique.
 30342 | Snake:1  | Found Xoel's Weapon Shop.
 30344 | Snake:1  | Found Deaj's Weapon Boutique.
 30348 | Snake:1  | Bought a scroll of enchant weapon for 127 gold pieces
 30348 | Snake:1  | Bought a scroll of blinking for 127 gold pieces
 30348 | Snake:1  | Bought a scroll of blinking for 127 gold pieces
 30792 | Snake:2  | Noticed Frances
 30808 | Snake:2  | Killed Frances
 32063 | Snake:3  | Identified Roxanne's Spellbook of Silt
 32063 | Snake:3  | Noticed Roxanne
 32081 | Snake:3  | Killed Roxanne
 32150 | Snake:3  | Found Rehinwoi's Vocational Training.
 32163 | Snake:3  | Bought a manual of Evocations for 1520 gold pieces
 32626 | Snake:4  | Entered Level 4 of the Snake Pit
 32639 | Snake:4  | Reached skill level 1 in Evocations
 32815 | Snake:4  | Reached XP level 18. HP: 173/173 MP: 18/18
 33343 | Snake:4  | Noticed a quicksilver dragon
 33355 | Snake:4  | Noticed a quicksilver dragon
 33357 | Snake:4  | Killed a quicksilver dragon
 33364 | Snake:4  | Killed a quicksilver dragon
 33388 | Snake:4  | Reached skill level 5 in Evocations
 33583 | Snake:4  | Got a serpentine rune of Zot
 33656 | Snake:4  | Noticed Vashnia
 33701 | Snake:4  | Killed Vashnia
 34129 | Shoals:1 | Entered Level 1 of the Shoals
 34257 | Shoals:1 | Noticed Nikola
 34276 | Shoals:1 | Killed Nikola
 34488 | Abyss:3  | Cast into level 3 of the Abyss (a deep elf demonologist)
 34507 | Abyss:3  | Found a shimmering blue altar of Sif Muna.
 34557 | Abyss:3  | Found a shimmering blue altar of Sif Muna.
 34563 | Abyss:3  | Got the Incunable of the Swarm
 34567 | Abyss:3  | Got Isetoos's Encyclopedia of the Virulent Pyre
 34578 | Abyss:3  | Found a shimmering blue altar of Sif Muna.
 34579 | Abyss:3  | Got the Book of Assembling
 34675 | Abyss:3  | Got Sif Muna's Teachings on Nonlocality
 34677 | Abyss:3  | Found a shimmering blue altar of Sif Muna.
 34714 | Shoals:1 | Escaped the Abyss
 35316 | Shoals:1 | Noticed a Tzitzimitl
 35674 | Shoals:1 | Reached XP level 19. HP: 138/185 MP: 19/19
 35903 | Shoals:2 | Noticed Ilsuiw
 35961 | Shoals:2 | Killed Ilsuiw
 38449 | Shoals:4 | Entered Level 4 of the Shoals
 38589 | Shoals:4 | Found Vatenn's Jewellery Emporium.
 39121 | Shoals:4 | Reached skill level 10 in Evocations
 39606 | Shoals:4 | Got a barnacled rune of Zot
 40600 | Vaults:1 | Entered Level 1 of the Vaults
 40630 | Vaults:1 | Reached XP level 20. HP: 183/199 MP: 20/20
 43404 | Vaults:2 | Noticed Aizul
 43423 | Vaults:2 | Killed Aizul
 44257 | Vaults:3 | Reached XP level 21. HP: 137/211 MP: 1/21
 45954 | Vaults:3 | Found a staircase to the Crypt.
 45985 | Vaults:3 | Found Huirataa's Assorted Antiques.
 45991 | Vaults:3 | Bought a potion of might for 156 gold pieces
 45991 | Vaults:3 | Bought a potion of might for 156 gold pieces
 46013 | Vaults:3 | Identified the +6 scale mail of the Gate {Drain Fly rF+
                  | Int+5}
 47087 | Vaults:4 | Found Xyquamul's Book Boutique.
 48202 | Elf:1    | Entered Level 1 of the Elven Halls
 48450 | Elf:1    | Found a runed translucent gate.
 48451 | Elf:1    | Found a runed translucent gate.
 48945 | Elf:1    | Found a runed translucent gate.
 48945 | Elf:1    | Noticed Timpihef's ghost (adept OpAK)
 49029 | Elf:1    | Found a bloodstained altar of Trog.
 49145 | Elf:1    | Found a viscous altar of Jiyva.
 49188 | Elf:2    | Noticed Jorgrun
 49202 | Elf:2    | Killed Jorgrun
 49367 | Elf:2    | Found Gisulu's Magic Scroll Shoppe.
 49371 | Elf:2    | Bought a scroll of magic mapping for 112 gold pieces
 49371 | Elf:2    | Bought a scroll of magic mapping for 112 gold pieces
 49458 | Elf:2    | Reached XP level 22. HP: 221/224 MP: 22/22
 49476 | Elf:2    | Found a runed translucent gate.
 49477 | Elf:2    | Found a runed translucent gate.
 49477 | Elf:2    | Found a runed translucent gate.
 49740 | Elf:2    | Paralysed by an air elemental for 1 turns
 50136 | Shoals:4 | Bought a +6 ring of strength for 432 gold pieces
 51197 | Elf:3    | Entered Level 3 of the Elven Halls
 51224 | Elf:3    | Reached skill level 1 in Throwing
 52691 | Elf:3    | Identified the ring of Liomuaz {Wiz *Slow Int+7 Slay+5}
 52732 | Abyss:3  | Cast into level 3 of the Abyss (a deep elf demonologist)
 52967 | Abyss:3  | Noticed a profane servitor
 53020 | Elf:3    | Escaped the Abyss
 53174 | Elf:3    | Identified the +8 long sword of Plunder {heavy, *Noise rC+
                  | Str+4 Int+5}
 53174 | Elf:3    | Identified the amulet "Darokk" {RegenMP rElec rF+ Regen+}
 53602 | Elf:3    | Got the Volume of Transfiguration
 53631 | Elf:3    | Got the Essays on Freezing and the Summer
 55164 | Elf:3    | Paralysed by an air elemental for 1 turns
 55727 | Vaults:5 | Entered Level 5 of the Vaults
 55904 | Vaults:4 | Reached XP level 23. HP: 174/236 MP: 23/23
 56426 | Vaults:5 | Found Jygauvil's Antique Armour Shoppe.
 56434 | Vaults:5 | Noticed a dread lich
 56451 | Vaults:5 | Killed a dread lich
 56452 | Vaults:5 | Reached skill level 5 in Throwing
 56484 | Vaults:5 | Noticed Jory
 56495 | Vaults:5 | Killed Jory
 56525 | Vaults:5 | Bought a glowing cloak for 322 gold pieces
 57810 | Vaults:5 | Identified the +4 hand axe "Quheeph" {elec, Int+3}
 57954 | Vaults:5 | Got the Directory of Evil Toxicants
 58113 | Vaults:5 | Reached skill level 27 in Fighting
 58208 | Vaults:5 | Got a silver rune of Zot
 58568 | Vaults:5 | Identified the +2 pair of gloves "Suetypn" {Will+ Slay+3}
 58594 | Vaults:5 | Identified the +1 scale mail "Zon Qocsiv" {Regen+ Dex-2
                  | Slay+4 Stlth+}
 58633 | Vaults:5 | Noticed a golden dragon
 58640 | Vaults:5 | Killed a golden dragon
 58693 | Vaults:5 | Noticed a golden dragon
 58698 | Vaults:5 | Killed a golden dragon
 58924 | Crypt:1  | Entered Level 1 of the Crypt
 58938 | Crypt:1  | Noticed Donald
 58951 | Vaults:3 | Killed Donald
 59238 | Crypt:1  | Reached XP level 24. HP: 249/249 MP: 23/23
 59621 | Crypt:1  | Found a runed translucent door.
 59622 | Crypt:1  | Noticed Onexaaje's ghost (adept GrFi)
 59945 | Crypt:1  | Killed Onexaaje's ghost
 60256 | Crypt:2  | Identified the +1 chain mail of Cemefu {-Tele rPois Str+3
                  | Dex+5}
 60287 | Crypt:2  | Identified the ring of Suspected Treachery {Ice rPois Dex+4
                  | SInv Stlth-}
 60287 | Crypt:2  | Noticed Josephina
 60716 | Crypt:2  | Killed Josephina
 61389 | Crypt:2  | Noticed Mennas
 61410 | Crypt:2  | Killed Mennas
 61491 | Crypt:2  | Noticed a royal mummy
 61493 | Crypt:2  | Noticed Khufu
 61506 | Crypt:2  | Killed a royal mummy
 61524 | Crypt:2  | Killed Khufu
 62607 | Crypt:3  | Entered Level 3 of the Crypt
 62659 | Crypt:3  | Noticed a curse toe
 62661 | Crypt:3  | Noticed a curse toe
 63154 | Crypt:2  | Killed a curse toe
 63589 | Crypt:3  | Killed a curse toe
 63789 | Crypt:3  | Reached skill level 15 in Evocations
 63927 | Crypt:3  | Noticed Saint Roka
 63953 | Crypt:3  | Killed Saint Roka
 64027 | Crypt:3  | Noticed Frederick
 64027 | Crypt:3  | Noticed Zenata
 64039 | Crypt:3  | Killed Frederick
 64053 | Crypt:3  | Killed Zenata
 64362 | Crypt:3  | Noticed Grunn
 64373 | Crypt:3  | Killed Grunn
 65440 | Crypt:3  | Found a staircase to the Tomb.
 65498 | Crypt:3  | Noticed an ancient lich
 66034 | Crypt:3  | Reached XP level 25. HP: 232/257 MP: 23/23
 66068 | Crypt:3  | Killed an ancient lich
 66136 | Crypt:3  | Identified the ring "Kuut" {*Corrode rElec rPois rF- MP+9}
 66450 | Depths:1 | Entered Level 1 of the Depths
 66506 | Depths:1 | Found a one-way gate leading to the halls of Pandemonium.
 66570 | Depths:1 | Reached skill level 10 in Throwing
 67054 | Depths:1 | Noticed Mara
 67055 | Depths:1 | Noticed retardedninja's illusion
 67081 | Depths:1 | Killed Mara
 67255 | Depths:1 | Found a gateway to Hell.
 67352 | Depths:1 | Found a one-way gate to the infinite horrors of the Abyss.
 67952 | Depths:2 | Found a one-way gateway to a ziggurat.
 68327 | Depths:2 | Found Koewah's Book Emporium.
 69975 | Depths:3 | Found a runed door.
 70035 | Depths:3 | Noticed an ancient lich
 70048 | Depths:3 | Killed an ancient lich
 70052 | Depths:3 | Found the +27 heavy crossbow "Sniper" {heavy, Acc+∞ SInv}
 70065 | Depths:3 | Gained mutation: You are clumsy. (Dex -2) [a neqoxec]
 70091 | Depths:3 | Identified the ring of Zittut {Drain rElec rPois rCorr AC+4
                  | Dex-3}
 70118 | Depths:3 | Identified the +0 quarterstaff of Defiance {distort, Dex+3}
 70216 | Depths:3 | Acquired a +0 tower shield of protection
 70419 | Depths:4 | Entered Level 4 of the Depths
 70539 | Depths:4 | Reached XP level 26. HP: 201/266 MP: 23/23
 70568 | Depths:4 | Found a gate to the Realm of Zot.
 71592 | Depths:4 | Found a portal to a secret trove of treasure.
 71943 | Depths:4 | Noticed RandomusNamus's ghost (adept TrFi)
 71960 | Depths:4 | Found a runed translucent door.
 72057 | Depths:4 | Killed RandomusNamus's ghost
 72069 | Depths:4 | Identified the +0 pair of boots of the Spider Nest {rC-
                  | rCorr SInv}
 72312 | Zot:1    | Entered Level 1 of the Realm of Zot
 72345 | Hell     | Entered the Vestibule of Hell
 72345 | Hell     | Noticed Geryon
 72468 | Hell     | Killed Geryon
 72969 | Hell     | Found a gateway to the Iron City of Dis.
 73193 | Hell     | Found a gateway to the decaying netherworld of Tartarus.
 73296 | Hell     | Found a gateway to the ashen valley of Gehenna.
 73953 | Slime:1  | Entered Level 1 of the Pits of Slime
 75819 | Slime:3  | Paralysed by a floating eye for 3 turns
 75890 | Slime:3  | Gained mutation: Your body sometimes deteriorates upon
                  | taking damage. [a shining eye]
 76580 | Slime:4  | Gained mutation: You occasionally lose the ability to drink
                  | potions when taking damage. [a shining eye]
 76594 | Slime:3  | Lost mutation: You occasionally lose the ability to drink
                  | potions when taking damage. [potion of mutation]
 76594 | Slime:3  | Lost mutation: Your body sometimes deteriorates upon taking
                  | damage. [potion of mutation]
 76594 | Slime:3  | Lost mutation: You are clumsy. (Dex -2) [potion of
                  | mutation]
 76594 | Slime:3  | Gained mutation: You are strong-willed. (Will+) [potion of
                  | mutation]
 76594 | Slime:3  | Gained mutation: Your mind is acute. (Int +4, Str/Dex -1)
                  | [potion of mutation]
 76718 | Slime:5  | Entered Level 5 of the Pits of Slime
 76744 | Slime:5  | Noticed the Royal Jelly
 76822 | Slime:5  | Killed the Royal Jelly
 77821 | Slime:5  | Gained mutation: You occasionally lose the ability to drink
                  | potions when taking damage. [a shining eye]
 77826 | Slime:5  | Gained mutation: You are frail. (-10% HP) [a shining eye]
 77835 | Slime:5  | Reached XP level 27. HP: 244/245 MP: 23/23
 77849 | Slime:5  | Got the Vellum of the Glowing Map
 77861 | Slime:5  | Identified the +1 dire flail of Turmoil {elec, rElec rF-
                  | Stlth+}
 77944 | Slime:5  | Identified the +6 rapier "Edeog" {speed, Fragile rPois
                  | Str+9 Int-5}
 77946 | Slime:5  | Got a slimy rune of Zot
 77966 | Slime:5  | Identified the ring of Oly Deov {Will+++ MP+9 Str+2 Int-4
                  | Dex+2}
 77991 | Slime:5  | Identified the +2 sling of Offence {drain, rElec rC+ MP+9}
 79061 | Lair:5   | Lost mutation: You are strong-willed. (Will+) [potion of
                  | mutation]
 79061 | Lair:5   | Lost mutation: You are frail. (-10% HP) [potion of
                  | mutation]
 79061 | Lair:5   | Gained mutation: Your mind is very acute. (Int +8, Str/Dex
                  | -2) [potion of mutation]
 79063 | Lair:5   | Lost mutation: You occasionally lose the ability to drink
                  | potions when taking damage. [potion of mutation]
 79063 | Lair:5   | Lost mutation: Your mind is very acute. (Int +8, Str/Dex
                  | -2) [potion of mutation]
 79063 | Lair:5   | Lost mutation: Your mind is acute. (Int +4, Str/Dex -1)
                  | [potion of mutation]
 79063 | Lair:5   | Gained mutation: You are partially covered in iridescent
                  | scales. (AC +2) [potion of mutation]
 79413 | Zot:1    | Bought a potion of heal wounds for 135 gold pieces
 79413 | Zot:1    | Bought a potion of mutation for 216 gold pieces
 80101 | Zot:1    | Bought a potion of might for 156 gold pieces
 80101 | Zot:1    | Bought a potion of curing for 117 gold pieces
 80101 | Zot:1    | Bought a scroll of teleportation for 117 gold pieces
 80123 | Zot:1    | Noticed a dread lich
 80125 | Zot:1    | Noticed Donez's ghost (legendary MiBe)
 80135 | Zot:1    | Found a transporter.
 80202 | Zot:1    | Found a transporter.
 80731 | Zot:2    | Noticed an orb of fire
 80735 | Zot:2    | Gained mutation: You sometimes lose your temper in combat.
                  | [an orb of fire]
 80743 | Zot:2    | Killed an orb of fire
 82181 | Zot:3    | Found the +10 tower shield of Ignorance {rN+ Int-4}
 83017 | Zot:3    | Found a runed translucent door.
 83017 | Zot:3    | Found a shimmering altar of Xom.
 83017 | Zot:3    | Noticed Wefy's ghost (legendary GnIE)
 84057 | Zot:3    | Identified the +8 great mace "Atwexebb" {spect, rC- Dex+6}
 84125 | Zot:3    | Gained mutation: You are frail. (-10% HP) [mutagenic glow]
 84126 | Zot:3    | Identified the ring "Soegoci" {Ice MP+9 Str+2 Dex+5}
 84153 | Zot:3    | Lost mutation: You are partially covered in iridescent
                  | scales. (AC +2) [mutagenic glow]
 84161 | Zot:3    | Killed Wefy's ghost
 84172 | Zot:3    | Gained mutation: You are agile. (Dex +4, Str/Int -1)
                  | [mutagenic glow]
 84191 | Zot:3    | Gained mutation: You occasionally lose the ability to drink
                  | potions when taking damage. [mutagenic glow]
 84550 | Zot:3    | Lost mutation: You occasionally lose the ability to drink
                  | potions when taking damage. [potion of mutation]
 84550 | Zot:3    | Lost mutation: You sometimes lose your temper in combat.
                  | [potion of mutation]
 84550 | Zot:3    | Gained mutation: You have hidden genetic defects. [potion
                  | of mutation]
 84550 | Zot:3    | Gained mutation: Your muscles are strong. (Str +4, Int/Dex
                  | -1) [potion of mutation]
 84551 | Zot:3    | Lost mutation: You have hidden genetic defects. [potion of
                  | mutation]
 84551 | Zot:3    | Lost mutation: You are agile. (Dex +4, Str/Int -1) [potion
                  | of mutation]
 84551 | Zot:3    | Gained mutation: You occasionally lose the ability to read
                  | scrolls when taking damage. [potion of mutation]
 84551 | Zot:3    | Gained mutation: You have large cloven feet. [potion of
                  | mutation]
 84552 | Zot:3    | Lost mutation: You have large cloven feet. [potion of
                  | mutation]
 84552 | Zot:3    | Lost mutation: You occasionally lose the ability to read
                  | scrolls when taking damage. [potion of mutation]
 84552 | Zot:3    | Lost mutation: You are frail. (-10% HP) [potion of
                  | mutation]
 84552 | Zot:3    | Gained mutation: You occasionally shout uncontrollably at
                  | your foes. [potion of mutation]
 84552 | Zot:3    | Gained mutation: Your body sometimes deteriorates upon
                  | taking damage. [potion of mutation]
 84552 | Zot:3    | Gained mutation: You are partially covered in iridescent
                  | scales. (AC +2) [potion of mutation]
 84552 | Zot:3    | Gained mutation: You are somewhat resistant to further
                  | mutation. [potion of mutation]
 84617 | Zot:3    | Bought a scroll of fear for 68 gold pieces
 85366 | Zot:5    | Entered Level 5 of the Realm of Zot
 85575 | Zot:5    | Noticed an ancient lich
 85626 | Zot:5    | Noticed a dread lich
 85645 | Zot:5    | Noticed an orb of fire
 85969 | Zot:5    | Noticed an orb of fire
 85975 | Zot:5    | Killed a dread lich
 85980 | Zot:5    | Killed an orb of fire
 86268 | Zot:5    | Killed a dread lich
 86311 | Zot:5    | Noticed an ancient lich
 86783 | Zot:5    | Got the Orb of Zot
 87182 | Depths:1 | Noticed Xaungenk the pandemonium lord
 87206 | D:15     | Killed Xaungenk the pandemonium lord
 87650 | D:$      | Escaped with the Orb!

Illustrated notes

Levels and vault maps discovered:
D:1:      lemuel_arrival_lava_pool, layout_loops_corners, serial_shops, shop,
          hellmonk_ecumenical_altar_run_dry
D:2:      layout_basic, minmay_curled_crystal, uniq_terence
D:3:      layout_rooms, uniq_grinder, uniq_crazy_yiuf_cottage
D:4:      layout_rooms, serial_shops, shop_fountains, chequers_mini_garden,
          uniq_duvessa
D:5:      layout_basic, serial_shops, nicolae_square_shop, uniq_pikel
D:6:      layout_basic, minmay_temple_entry_slanted,
          cheibrodos_sewer_entry_sluice, roderic_lattice_a, skrybe_limestone_x,
          minmay_fractal_squares_5
D:7:      layout_gridville, nicolae_gozag_seed_capital, serial_shops, shop,
          kennysheep_mini_moat, minmay_misc_feat_alley, serial_bayou_pond_e,
          uniq_maggie
D:8:      layout_rooms, minivault_23, grunt_ministairs_12, kennysheep_kite_vault
D:9:      layout_roguey, okawaru_ov_weapons_minmay, minmay_lair_entry_grove,
          david_orc_2, gammafunk_ghost_grave, minmay_pinched_square
D:10:     layout_basic, elyvilon_altar_1, serial_shops, kennysheep_little_box,
          nicolae_stop_n_shop_1, nicolae_shop_bloodbath_and_beyond,
          nicolae_diamond_shop, nicolae_square_shop
D:11:     layout_cave_pods, serial_shops, nicolae_shop_statue_plus
D:12:     layout_roguey, nemelex_spade_bored_becter, uniq_sonja
D:13:     minmay_box_of_statues, layout_rooms
D:14:     cheibrodos_hippocracy, layout_loops_ring, david_vaults_4
D:15:     hangedman_depths_entry_civil_slaughter, layout_irregular_city,
          nicolae_titane, serial_shops, nicolae_shop_crystal, shop,
          nicolae_diamond_shop, nicolae_shop_behind_doors, due_unseen_surprise,
          uniq_kirke
Temple:   nicolae_temple_bog_church
Lair:1:   layout_regular_city, gauntlet_entry_generic,
          gammafunk_ghost_hydra_chop, chequers_serial_rivers_micro_e,
          grunt_megastairs_3
Lair:2:   minmay_guarded_unrand_snakebite, layout_chaotic_city,
          serial_bayou_lake_a
Lair:3:   layout_layer_cave, elwin_shoals_entry_rooms,
          minmay_snake_entry_guardpost_small, uniq_gastronok
Lair:4:   layout_loops_ring, portal_ice_cave_entry_animals_and_master,
          evilmike_ambush [evilmike_ambush_outer_basic,
          evilmike_ambush_inner_pond], lemuel_fruit_fields, uniq_urug
Lair:5:   minmay_lair_end_enchanted_forest, layout_regular_city, slime_entry_2
Shoals:1: nicolae_shoals_deep_elves_summer_vacation, layout_shoals, uniq_nikola
Shoals:2: layout_shoals, nicolae_shoals_mertower, uniq_ilsuiw
Shoals:3: layout_shoals
Shoals:4: shoals_end_simple, layout_shoals, serial_shops, nicolae_shop_stone
Snake:1:  layout_honeycomb, serial_shops, shop, nicolae_snake_shapes,
          minmay_shop_star, serial_bayou_shore_a
Snake:2:  layout_misc_corridors, grunt_ministairs_7, uniq_frances
Snake:3:  nrook_guardian_serpent_snake_passage, layout_cave_town,
          nicolae_shop_vocational, uniq_roxanne
Snake:4:  hellmonk_snake_rune_quicksilver_temple, layout_misc_corridors,
          grunt_ministairs_4, uniq_vashnia
Slime:1:  layout_caves
Slime:2:  layout_caves
Slime:3:  layout_caves, nicolae_slime_rock_hall_of_fame
Slime:4:  layout_caves
Slime:5
Orc:1:    cheibrodos_orc_bank, layout_diamond_mine, gammafunk_ghost_cemetery
Orc:2:    st_orc_town, layout_caves
Elf:1:    layout_loops_cross, gammafunk_ghost_ooze, minmay_elf_necromancy,
          evilmike_spriggan_trog_shrine
Elf:2:    nicolae_elf_blades_crystal_corner, layout_loops_corners, serial_shops,
          shop_scrolls, uniq_jorgrun
Elf:3:    grunt_elf_hall_asides, layout_onion_city
Vaults:1: nicolae_vaults_little_squares_6, nicolae_vaults_three_branches,
          v_misc_1, v_pattern_3, v_misc_5, v_misc_1, vaults_room_door_ring,
          layout_vaults_quadrants
Vaults:2: v_misc_19, v_misc_2, v_misc_16, nicolae_vaults_network_barrier,
          v_pattern_5, vaults_room_door_hall, hangedman_vaults_hat,
          grunt_vaults_funnel, v_misc_17, ontoclasm_vaults_decontamination,
          v_alt_pattern_4, nicolae_vaults_diagonal_hallway_8,
          layout_vaults_big_cross, uniq_aizul
Vaults:3: vaults_room_pool, minmay_crypt_entry_simple_box,
          nicolae_vaults_minivaults, vaults_standard_mumra_lines,
          vaults_dpeg_ring, nicolae_vaults_diagonal_hallway_8,
          vaults_room_stairs_pillars, vaults_mumra_chevron_long,
          hangedman_vaults_impose, nicolae_vaults_rhombus_5,
          layout_vaults_chaotic_city, serial_shops, shop
Vaults:4: v_misc_32, grunt_vaults_hallway_long, v_misc_16,
          ontoclasm_vaults_ring_large, ontoclasm_vaults_shuriken,
          hangedman_vaults_variations, hangedman_vaults_capsules,
          hangedman_vaults_nails, nicolae_vaults_hallways_thing,
          nicolae_vaults_little_squares_6, grunt_vaults_hallway_long,
          hangedman_vaults_restitches, dpeg_vaults_monster_box,
          layout_vaults_ring, serial_shops, shop
Vaults:5: uniq_jory
Crypt:1:  layout_misc_corridors, ebering_ghost_inner_flame,
          minmay_misc_feat_five, uniq_donald
Crypt:2:  layout_chaotic_city, grunt_megastairs_4, uniq_mennas, uniq_khufu,
          uniq_josephina
Crypt:3:  david_glass_crypt, layout_chaotic_city, uniq_frederick, uniq_grunn,
          uniq_saint_roka, uniq_zenata
Depths:1: layout_gridlike, kennysheep_boxes, minmay_room_of_horrors, pan_entry,
          hell_entry, lightli_fourway_metalbox, uniq_mara
Depths:2: minmay_distorted_concentric_squares, layout_gridville,
          enter_ziggurat_b, rand_demon_pan_entry_8, abyss_entry,
          grunt_hell_entry_dis_mu, nicolae_take_the_stairs, feat_on_display,
          infiniplex_staircase_zigzag_5
Depths:3: evilmike_wizard_prison, layout_long_grid,
          nicolae_hell_entry_hellmouth_sunbeams, kennysheep_another_room,
          abyss_entry
Depths:4: grunt_crosshair, layout_basic, nicolae_trove_entry_path_of_doom,
          hangedman_tar_grid_catacomb, hellmonk_ghost_big_iron,
          marbit_kobold_abyss_entry, kennysheep_doodads, serial_bayou_lagoon_b
Hell
Zot:1:    layout_misc_corridors, nzn_ghost_randoct
Zot:2:    layout_basic
Zot:3:    layout_gridlike, ebering_ghost_xom, st_large_dragon_hoard_1
Zot:4:    layout_twisted_circle
Zot:5:    layout_gridlike

Skill      XL: |  1  2  3  4  5  6  7  8  9 10 11 12 13 14 15 16 17 18 19 20 21 22 23 24 25 26 27 |
---------------+----------------------------------------------------------------------------------+-----
Axes           | 3 4 5 16 17 18 19 21 23 24 25 26 27 | 27.0
Fighting       | 4 5 6 7 8 10 11 13 14 15 16 18 20 21 23 24 26 27 | 27.0
Shields        | 4 5 6 7 9 10 12 13 14 15 16 17 18 19 20 21 22 23 24 26 | 26.0
Armour         | 4 5 6 7 9 10 12 13 14 15 16 17 18 19 20 21 22 23 24 26 | 26.0
Evocations     | 2 7 10 13 14 15 16 17 19 | 19.1
Throwing       | 4 7 9 11 13 14 | 14.5

Action                     |  1- 3 |  4- 6 |  7- 9 | 10-12 | 13-15 | 16-18 | 19-21 | 22-24 | 25-27 || total
---------------------------+-------+-------+-------+-------+-------+-------+-------+-------+-------++-------
  Melee: War axe           |    85 |   157 |    57 |       |       |       |       |       |       ||   299
         Broad axe         |       |       |   115 |   701 |  1044 |  1286 |  1395 |  1218 |  1597 ||  7356
  Throw: Javelin           |       |       |       |       |       |       |       |    55 |     9 ||    64
 Invoke: Potion Petition   |       |       |       |     3 |       |       |     2 |     3 |     4 ||    12
         Call Merchant     |       |       |       |       |       |       |     1 |     2 |     5 ||     8
         Bribe Branch      |       |       |       |       |       |       |       |       |     3 ||     3
  Evoke: Box of beasts     |       |       |       |       |     2 |     1 |       |       |       ||     3
         Phial of floods   |       |       |       |       |     2 |       |       |       |       ||     2
         Phantom mirror    |       |       |       |       |       |       |     1 |     3 |     1 ||     5
         Wand              |       |       |       |       |       |       |       |     1 |     1 ||     2
         Horn of Geryon    |       |       |       |       |       |       |       |       |     2 ||     2
    Use: Potion            |       |     4 |     2 |    11 |     5 |     3 |    14 |     9 |    18 ||    66
         Scroll            |       |       |    13 |    21 |     9 |    16 |    10 |    16 |     7 ||    92
   Stab: Invisible         |       |       |       |     5 |       |       |     4 |       |     1 ||    10
         Distracted        |       |       |       |     5 |     8 |    10 |     8 |    14 |    19 ||    64
 Armour: Scale mail        |    29 |    86 |     7 |       |       |       |       |       |       ||   122
         Ice dragon scales |       |       |    91 |       |       |       |       |       |       ||    91
         Gold dragon scale |       |       |       |   459 |   553 |   463 |   482 |   567 |   738 ||  3262
  Dodge: Dodged            |    47 |    65 |    79 |    83 |   254 |   475 |   740 |   482 |   372 ||  2597
  Block: Buckler           |    16 |    38 |    43 |    99 |       |       |       |       |       ||   196
         Kite shield       |       |       |       |    98 |   605 |   301 |       |       |       ||  1004
         Tower shield      |       |       |       |       |       |   664 |  1285 |  1213 |  1291 ||  4453

Table legend: (Time is in decaauts)
 A = Elapsed time spent in this place.
 B = Non-inter-level travel time spent in this place.
 C = Inter-level travel time spent in this place.
 D = Time resting spent in this place.
 E = Time spent auto-exploring this place.
 F = Levels seen in this place.
 G = Mean time per level.
                   A        B        C        D        E       F      G
               +--------+--------+--------+--------+--------+-----+--------+
         Total |  86971 |  80806 |   6165 |  25586 |  38631 |  63 | 1380.5 |
       Dungeon |  19714 |  17099 |   2615 |   4933 |   8871 |  15 | 1314.3 |
        Temple |    214 |    198 |     16 |      0 |    183 |   1 |  214.0 |
          Lair |   7300 |   6407 |    893 |    992 |   3982 |   5 | 1460.0 |
        Shoals |   6567 |   6190 |    377 |   2067 |   2510 |   4 | 1641.8 |
     Snake Pit |   4364 |   4269 |     95 |    707 |   2611 |   4 | 1091.0 |
    Slime Pits |   5026 |   4907 |    119 |   2505 |   1719 |   5 | 1005.2 |
  Orcish Mines |   2343 |   2042 |    301 |    434 |   1194 |   2 | 1171.5 |
   Elven Halls |   6235 |   6110 |    125 |   2556 |   2528 |   3 | 2078.3 |
        Vaults |  10870 |  10225 |    645 |   2822 |   5509 |   5 | 2174.0 |
         Crypt |   7117 |   6996 |    121 |   3443 |   2352 |   3 | 2372.3 |
        Depths |   7042 |   6410 |    632 |   1526 |   3535 |   4 | 1760.5 |
          Hell |    610 |    573 |     37 |      0 |    381 |   1 |  610.0 |
           Zot |   7137 |   6955 |    182 |   2968 |   2681 |   5 | 1427.4 |
         Abyss |    762 |    762 |      0 |    120 |     10 |   3 |  254.0 |
         Sewer |     75 |     75 |      0 |      0 |     35 |   1 |   75.0 |
      Ice Cave |    902 |    902 |      0 |    264 |    409 |   1 |  902.0 |
      Gauntlet |    687 |    687 |      0 |    244 |    118 |   1 |  687.0 |
               +--------+--------+--------+--------+--------+-----+--------+

Top non-repeatable levels by time:
 Crypt:2: 3371 daAuts
Vaults:4: 2837 daAuts
   Elf:2: 2835 daAuts
Depths:4: 2833 daAuts
   Elf:3: 2445 daAuts
     D:9: 2416 daAuts
Vaults:3: 2358 daAuts
    D:14: 2237 daAuts
   Zot:2: 2144 daAuts
     D:8: 2141 daAuts
 Crypt:1: 2087 daAuts
Vaults:1: 1976 daAuts
   Zot:3: 1897 daAuts
Vaults:5: 1884 daAuts
Shoals:3: 1873 daAuts
